 Dungeon Crawl Stone Soup version 0.25-a0-167-g836c352ace (webtiles) character file.

Game seed: 11134408299329375054, levelgen mode: deterministic

119 Esekla the Caller (level 5, -2/34 HPs)
             Began as a Human Summoner on Nov 25, 2019.
             Slain by an adder (4 damage)
             ... on level 3 of the Dungeon.
             The game lasted 00:19:15 (3970 turns).

Esekla the Caller (Human Summoner)                  Turns: 3970, Time: 00:19:15

Health: -2/34      AC:  2    Str: 11    XL:     5   Next: 24%
Magic:  8/8        EV: 13    Int: 16    God:
Gold:   78         SH:  0    Dex: 13    Spells: 3/8 levels left

rFire    . . .     SeeInvis .   d - +0 short sword
rCold    . . .     Gourm    .   (no shield)
rNeg     . . .     Faith    .   a - +0 robe
rPois    +         Spirit   .   (helmet restricted)
rElec    .         Reflect  .   (no cloak)
rCorr    .         Harm     .   (no gloves)
MR       .....                  (no boots)
Stlth    ++........             (no amulet)
HPRegen  0.11/turn              e - ring of poison resistance
MPRegen  0.11/turn              (no ring)

@: lethally poisoned (-2 -> -25)
A: horns 1, frail 1, poison resistance, strong 1
a: no special abilities


You were on level 3 of the Dungeon.
You were not hungry.

You visited 1 branch of the dungeon, and saw 3 of its levels.

You collected 78 gold pieces.

Inventory:

Hand Weapons
 d - a +0 short sword (weapon)
 m - a +0 spear
Missiles
 f - 6 javelins (quivered)
Armour
 a - a +0 robe (worn)
 j - a +0 leather armour
Jewellery
 e - a ring of poison resistance (left hand)
Scrolls
 b - 5 scrolls of identify {unknown}
 h - a scroll of immolation {unknown}
 k - a scroll of teleportation {unknown}
 l - a scroll of enchant weapon {unknown}
 n - a scroll of remove curse {unknown}
Potions
 i - a potion of lignification {unknown}
Comestibles
 c - a ration


   Skills:
 * Level 1.7 Fighting
 * Level 2.5 Short Blades
 * Level 3.0 Dodging
 + Level 2.3 Stealth
 * Level 2.2 Spellcasting
 + Level 4.0 Summonings
 * Level 0.4 Air Magic


You had 3 spell levels left.
You knew the following spells:

 Your Spells              Type           Power        Failure   Level  Hunger
a - Summon Small Mammal   Summ           ##..         4%          1    #......
b - Summon Lightning Spi  Summ/Air       #.......     63%         4    #####..

Your spell library contained the following spells:

 Spells                   Type           Power        Failure   Level  Hunger
 Call Imp                 Summ           ##......     6%          2    ###....
 Call Canine Familiar     Summ           ##......     12%         3    ###....
 Summon Guardian Golem    Hex/Summ       #.......     26%         3    ###....
 Summon Ice Beast         Ice/Summ       #.......     65%         4    #####..


Dungeon Overview and Level Annotations

Branches:
Dungeon (3/15)

Altars:


Innate Abilities, Weirdness & Mutations

You have a pair of small horns on your head.
You are frail. (-10% HP)
Your system is resistant to poisons. (rPois)
Your muscles are strong. (Str +2)


Message History

You hit the adder but do no damage.
The adder is severely wounded.
* * * LOW HITPOINT WARNING * * *
You feel sick. The adder bites you.
* * * LOW HITPOINT WARNING * * *
You are more poisoned.
The adder poisons you!
You hit the adder.
The adder is almost dead.
* * * LOW HITPOINT WARNING * * *
You feel sick. The adder bites you.
* * * LOW HITPOINT WARNING * * *
You are more poisoned.
The adder poisons you!
It was a potion of mutation.
You feel extremely strange.
You feel resistant to poisons.
You feel stronger.
You feel frail. A pair of horns grows on your head!
* * * LOW HITPOINT WARNING * * *
You feel sick. The adder bites you.
You die...

. #.# w.
###.# S.
#...# ..
#.#.####
#......#
#.####.#
#....#.#
####.#.#
#.S@.#.#
#...####.#
#.# #....#
# #.####
#.# ..##
#.# ..g
#.# ..#
#.#### ...
#....#


You could see an adder.

Vanquished Creatures
  4 gnolls (D:2)
  2 adders (D:2)
  3 dart slugs (D:1)
  4 leopard geckos
  2 ball pythons
  2 bats
  4 giant cockroaches
  3 goblins
  7 hobgoblins
  3 jackals (D:1)
  7 kobolds
  A quokka (D:2)
  3 frilled lizards
  6 rats
51 creatures vanquished.

Notes
Turn   | Place    | Note
-------+----------+-------------------------------------------
     0 | D:1      | Esekla the Human Summoner began the quest for the Orb.
     0 | D:1      | Reached XP level 1. HP: 13/13 MP: 3/3
   933 | D:1      | Reached XP level 2. HP: 13/20 MP: 5/5
  1263 | D:1      | Reached skill level 1 in Fighting
  1336 | D:1      | Reached XP level 3. HP: 17/26 MP: 6/6
  1613 | D:2      | Reached skill level 1 in Short Blades
  1964 | D:2      | Reached XP level 4. HP: 20/32 MP: 7/7
  1987 | D:2      | Learned a level 4 spell: Summon Lightning Spire
  2574 | D:2      | Reached XP level 5. HP: 16/37 MP: 6/8
  3970 | D:3      | Gained mutation: Your system is resistant to poisons.
                  | (rPois) [potion of mutation]
  3970 | D:3      | Gained mutation: Your muscles are strong. (Str +2) [potion
                  | of mutation]
  3970 | D:3      | Gained mutation: You are frail. (-10% HP) [potion of
                  | mutation]
  3970 | D:3      | Gained mutation: You have a pair of small horns on your
                  | head. [potion of mutation]
  3970 | D:3      | Slain by an adder

Levels and vault maps discovered:
D:1:      minmay_arrival_nine_rooms, layout_basic, minmay_tromino_v4_c
D:2:      layout_basic, minmay_small_reverse_x
D:3:      layout_basic, lemuel_doored_altar, first_ration

Skill      XL: |  1  2  3  4 |
---------------+-------------+-----
Fighting       | 1 |  1.7
Short Blades   | 1 2 |  2.5
Dodging        | 3 |  3.0
Stealth        | |  2.3
Spellcasting   | |  2.2
Summonings     | |  4.0
Air Magic      | |  0.4

Action                   |  1- 3 |  4- 6 || total
-------------------------+-------+-------++-------
Melee: Club              |    29 |       ||    29
       Unarmed           |    10 |       ||    10
       Short sword       |    74 |   134 ||   208
Throw: Javelin           |       |     2 ||     2
  Use: Potion            |       |     1 ||     1
 Stab: Sleeping          |     4 |     2 ||     6
       Distracted        |       |     1 ||     1
  Eat: Chunk             |     3 |     7 ||    10
Armor: Robe              |    23 |    21 ||    44
Dodge: Dodged            |    81 |    80 ||   161

Table legend:
 A = Non-vault XP
 B = Vault XP
 C = Vault XP percentage of total XP
 D = Non-vault monster count
 E = Vault monster count
 F = Vault count percentage of total count
                 A         B        C        D         E       F
            +---------+---------+-------+---------+---------+-------
      Total |     150 |      21 |  12.3 |      46 |       5 |   9.8
            +---------+---------+-------+---------+---------+-------
        D:1 |      40 |       4 |   9.1 |      18 |       1 |   5.3
        D:2 |      98 |      17 |  14.8 |      21 |       4 |  16.0
        D:3 |      12 |       0 |   0.0 |       7 |       0 |   0.0
            +---------+---------+-------+---------+---------+-------
